 Dungeon Crawl Stone Soup version 0.30.1-4-g462c640d31 (webtiles) character file.

Game seed: 9699225796648682989

184 Nick1 the Shield-Bearer (level 5, -6/42 HPs)
             Began as a Formicid Fighter on Sept 12, 2023.
             Mangled by an orc
             ... wielding a +2 morningstar of holy wrath
              (25 damage)
             ... on level 4 of the Dungeon.
             The game lasted 00:09:08 (1762 turns).

Nick1 the Shield-Bearer (Formicid Fighter)          Turns: 1762, Time: 00:09:09

Health: -6/42      AC: 10    Str: 22    XL:     5   Next: 95%
Magic:  5/5        EV:  2    Int:  8    God:
Gold:   149        SH:  0    Dex: 13    Spells: 4/4 levels left

rFire   . . .        a - +0 war axe
rCold   . . .        c - +0 buckler
rNeg    . . .        b - +0 scale mail
rPois   .            (helmet unavailable)
rElec   .            (no cloak)
rCorr   .            r - +1 pair of gloves
SInv    +            m - +0 pair of boots
Will    .....        (no amulet) Stlth
                     (no ring)
HPRegen 0.27/turn    (no ring)
MPRegen 0.09/turn

%: no passive effects
@: mighty, sleeping
A: permanent stasis, dig shafts and tunnels, antennae 3, four strong arms
a: Dig, Shaft Self


You were on level 4 of the Dungeon.
You visited 1 branch of the dungeon, and saw 5 of its levels.

You collected 149 gold pieces.

Inventory:

Hand Weapons
 a - a +0 war axe (weapon)
Armour
 b - a +0 scale mail (worn)
 c - a +0 buckler (worn)
 m - a +0 pair of boots (worn)
 r - a +1 pair of gloves (worn)
Wands
 t - a wand of polymorph (8)
Scrolls
 e - a scroll of amnesia {unknown}
 f - 3 scrolls of poison {unknown}
 h - a scroll of magic mapping {unknown}
 l - a scroll of vulnerability {unknown}
 n - a scroll of fear {unknown}
 u - a scroll of enchant armour {unknown}
Potions
 d - 2 potions of might
 g - 2 potions of heal wounds
 i - a potion of cancellation {unknown}
 j - 4 potions of curing
 k - a potion of mutation {unknown}
 o - a potion of lignification {unknown}
 p - 2 potions of magic {unknown}
 q - a potion of attraction {unknown}
 s - a potion of flight {unknown}


   Skills:
 * Level 3.8 Fighting
 * Level 4.1 Axes
 * Level 4.2 Armour
 + Level 0.5 Dodging
 + Level 0.6 Stealth
 * Level 4.8 Shields


You had 4 spell levels left.
You didn't know any spells.
Your spell library contained the following spells:

 Spells                   Type           Power      Damage    Failure   Level
 Poisonous Vapours        Pois/Air       0%         N/A       90%         2
 Mephitic Cloud           Conj/Pois/Air  0%         N/A       99%         3
 Freezing Cloud           Conj/Ice/Air   0%         6-21      100%        5


Dungeon Overview and Level Annotations

Branches:
Dungeon (5/15)
 Temple: D:4-7

Altars:

Shops:
D:1 [!==


Innate Abilities, Weirdness & Mutations

You cannot be hasted, slowed, berserked, paralysed or teleported.
You can dig through walls and to a lower floor.
You have a pair of large antennae on your head. (SInv)
Your four strong arms can wield two-handed weapons with a shield.


Message History

A ball python comes into view.
An orc comes into view.
It is wielding a +2 morningstar of holy wrath.
You barely miss the orc.
The ball python hisses angrily.
The endoplasm jiggles.
The orc barely misses you.
You slash the orc!
You kill the orc!
The orc priest calls down the wrath of Beogh upon you.
Beogh smites you!
You slice the scorpion!!
You kill the scorpion!
You have reached level 5!
You closely miss the orc priest. You barely miss the orc. x2
The orc closely misses you.
The orc priest hits you with a +0 flail!
The orc hits you but does no damage. You block the endoplasm's attack.
You block the orc's attack. The orc hits you but does no damage.
You block the orc priest's attack.
You slash the orc priest!
You kill the orc priest!
You slash the orc!
You kill the orc!
You slash the ball python!
You kill the ball python!
You hit the endoplasm. You slash the orc!
You kill the orc!
The endoplasm hits you but does no damage.
Your Axes skill increases to level 4!
You barely miss the orc. You slash the endoplasm!
You kill the endoplasm!
You hit the sleepcap. The sleepcap closely misses you.
The orc barely misses you.
The orc hits you with a +2 morningstar of holy wrath.
The sleepcap releases spores at you.
You are engulfed in a cloud of soporific spores!
You fall asleep.
The orc hits you with a +2 morningstar of holy wrath!!
Ouch! That really hurt!
You die...

.. .. ##..
..##.######....
...............
...............
...............
...............
..............#
......f@.......
......o).......
............###
.............!.
..#>.........#.
# ##.##.(.####
.# ...## .#
.).#


You could see a sleepcap and an orc.

Vanquished Creatures
  A scorpion (D:4)
  An orc priest (D:4)
  2 adders (D:2)
  2 dart slugs
  6 orcs
  11 ball pythons
  3 bats
  8 endoplasms
  5 goblins
  5 hobgoblins
  8 jackals (D:1)
  2 quokkas (D:1)
  3 frilled lizards
  7 kobolds
  A rat (D:3)
65 creatures vanquished.

Notes
Turn   | Place    | Note
-------+----------+-------------------------------------------
     0 | D:1      | Nick1 the Formicid Fighter began the quest for the Orb.
     0 | D:1      | Reached XP level 1. HP: 18/18 MP: 1/1
    15 | D:1      | Found Xoicuc's Jewellery Shop.
    28 | D:1      | Found Gylir's Jewellery Shoppe.
    55 | D:1      | Reached XP level 2. HP: 24/24 MP: 2/2
   184 | D:1      | Reached XP level 3. HP: 29/29 MP: 3/3
   302 | D:1      | Found Motiroc's Distillery.
   313 | D:1      | Found Nikkaaz's Antique Armour Shoppe.
   477 | D:1      | Found a faded altar of an unknown god.
   859 | D:2      | Reached XP level 4. HP: 31/36 MP: 4/4
  1725 | D:3      | You fall into a shaft and drop 2 floors!
  1725 | D:5      | Entered Level 5 of the Dungeon
  1732 | D:5      | Noticed an ogre
  1754 | D:4      | Noticed a scorpion
  1758 | D:4      | Killed a scorpion
  1759 | D:4      | Reached XP level 5. HP: 30/42 MP: 5/5
  1762 | D:4      | Mangled by an orc

Illustrated notes

Levels and vault maps discovered:
D:1:      mrwooster_arrival_statue_2, layout_basic,
          shapermc_ecumenical_altar_pompeii, serial_shops,
          nicolae_shop_temple_entry_statues_fountains, shop, shop, shop,
          kennysheep_pointless_box, amcnicky_mini_pool_small
D:2:      layout_basic, grunt_decor_arrowhead
D:3:      layout_basic, serial_co_window_serial, co_window_of_opportunity_a,
          co_window_paths_a, co_window_paths_a, co_window_paths_a,
          co_window_of_opportunity_a, co_window_broadway_c,
          co_window_broadway_c, co_window_corner_b, co_window_broadway_b,
          co_window_unsneaky_path_d, co_window_paths_d, co_window_4corner_b,
          glass_columns_a, glass_columns_b, glass_columns_a, glass_columns_a,
          glass_columns_a
D:4:      layout_cave_pools, makhleb_blood_cavern_becter,
          minmay_manual_mandibuliform
D:5:      layout_gridville, mainiacjoe_overflow_alcove_1, elyvilon_altar_5,
          gammafunk_ghost_arena, minivault_19, grunt_ministairs_15,
          corexii_leaking_fountain

Skill      XL: |  1  2  3  4  5 |
---------------+----------------+-----
Axes           | 3 4 |  4.1
Armour         | 4 |  4.2
Fighting       | |  3.8
Dodging        | |  0.5
Stealth        | |  0.6
Shields        | |  4.8

Action                     |  1- 3 |  4- 6 || total
---------------------------+-------+-------++-------
  Melee: War axe           |    94 |    77 ||   171
    Use: Scroll            |     1 |     2 ||     3
         Potion            |       |     1 ||     1
 Armour: Scale mail        |    45 |    37 ||    82
  Dodge: Dodged            |    56 |    39 ||    95
  Block: Buckler           |    34 |    18 ||    52
